Map: [ESL] Data-C

Players

Velego

  • Race: Protoss Protoss
  • League: Diamond
  • Spawn Location: 9:00

Krystianer - Winner!

  • Race: Protoss Protoss
  • Spawn Location: 3:00

Event: DreamHack SC2 Masters 2022 Valencia

VOD

Have the link to the VOD?

Description

Time

  • Played on: July 1, 2022, 10:50 a.m.
  • Length: 6:11

All games in this series

Show
View Real Time Build Order
Export as new Build Order

Velego Protoss 

Build Orders: Oracle Opening, Phoenix Opening 

Get SALT Encoding   

  12  0:00  Probe  
  13  0:13  Pylon  
  13  0:17  Probe  
  14  0:29  Probe (Chrono Boost)  
  14  0:34  Gateway  
  15  0:41  Probe (Chrono Boost)  
  16  0:45  Assimilator  
  17  0:50  Probe (Chrono Boost)  
  17  0:53  Assimilator  
  17  0:56  Probe  
  18  1:08  Probe  
  19  1:20  Probe  
  19  1:23  Cybernetics Core  
  21  1:32  Probe  
  21  1:34  Pylon  
  21  1:44  Probe  
  22  1:57  Probe  
  22  2:00  Stargate  
  23  2:03  Adept (Chrono Boost)  
  23  2:05  Warp Gate  
  25  2:09  Probe  
  26  2:24  Probe  
  27  2:34  Pylon  
  29  2:42  Oracle (Chrono Boost)  
  30  2:52  Stalker  
  30  2:53  Nexus  
  32  2:59  Shield Battery  
  32  3:06  Probe  
  32  3:12  Oracle (Chrono Boost)  
  36  3:18  Probe  
  37  3:31  Probe  
  31  3:42  Phoenix (Chrono Boost)  
  32  3:55  Probe  
  22  4:10  Probe (Chrono Boost)  
  22  4:16  Probe (Chrono Boost)  
  19  4:21  Probe (Chrono Boost)  
  20  4:26  Probe (Chrono Boost)  
  22  4:33  Probe (Chrono Boost)  
  22  4:37  Probe (Chrono Boost)  
  23  4:41  Probe (Chrono Boost)  
  22  4:54  Probe  
  22  4:55  Probe  
  24  5:06  Probe  
  25  5:11  Probe (Chrono Boost)  
  20  5:18  Probe (Chrono Boost)  
  21  5:24  Probe (Chrono Boost)  
  23  5:28  Probe (Chrono Boost)  
  23  5:31  Robotics Facility  
  23  5:32  Probe (Chrono Boost)  
  23  5:35  Probe  
  24  5:42  Probe  
  26  5:47  Probe  
  27  5:54  Stalker  
Show
View Real Time Build Order
Export as new Build Order

Krystianer Protoss - Winner!

Build Orders: Oracle Opening 

Get SALT Encoding   

  12  0:00  Probe  
  13  0:12  Probe  
  14  0:16  Pylon  
  14  0:24  Probe (Chrono Boost)  
  16  0:36  Probe (Chrono Boost)  
  16  0:38  Gateway  
  16  0:43  Probe (Chrono Boost)  
  16  0:47  Assimilator  
  17  0:50  Probe  
  18  0:57  Assimilator  
  18  1:03  Probe (Chrono Boost)  
  20  1:12  Probe (Chrono Boost), Gateway  
  20  1:17  Probe (Chrono Boost)  
  20  1:25  Cybernetics Core  
  21  1:29  Probe  
  22  1:36  Pylon  
  22  1:41  Probe  
  24  1:54  Probe  
  24  2:01  Stargate  
  24  2:02  Stalker  
  24  2:06  Probe  
  27  2:12  Stalker  
  29  2:18  Pylon  
  29  2:22  Warp Gate  
  29  2:25  Probe  
  30  2:37  Probe  
  30  2:46  Oracle (Chrono Boost)  
  30  2:51  Probe  
  34  3:04  Nexus  
  34  3:08  Probe  
  35  3:14  Oracle (Chrono Boost)  
  38  3:22  Pylon  
  38  3:24  Probe  
  36  3:36  Probe  
  37  3:48  Probe  
  37  3:54  Twilight Council  
  38  4:01  Probe  
  35  4:13  Stalker x2, Probe (Chrono Boost)  
  39  4:24  Probe (Chrono Boost)  
  39  4:25  Probe (Chrono Boost)  
  39  4:32  Probe (Chrono Boost)  
  39  4:33  Probe (Chrono Boost)  
  39  4:37  Stalker x2  
  45  4:39  Probe  
  45  4:43  Probe  
  47  4:51  Probe  
  45  4:56  Probe  
  46  5:01  Stalker  
  46  5:03  Pylon, Probe  
  47  5:08  Probe  
  46  5:14  Stalker  
  46  5:16  Probe  
  46  5:20  Probe  
  50  5:23  Gateway  
  50  5:26  Gateway  
  50  5:30  Stalker  
  50  5:33  Probe  
  50  5:35  Probe  
  54  5:41  Stalker  
  56  5:51  Probe x2, Assimilator  
  56  6:04  Stalker x2  

Tags
 
Add a new tag
Caveats
  • Supply blocks, unpowered buildings, or Contaminate may cause inaccurate times.
  • Supply counts are checked every 10 seconds.